| TOP OF THE 1ST |
|
West Palm Beach Expos batting - Pitching for Miami Whales : LHP Xavier Pickhills
|
|
Pitching: LHP Xavier Pickhills
|
|
|
Batting: RHB Matthew Gundelfinger
|
0-0: Ball 1-0: Called Strike 1-1: Foul Ball, location: 2F 1-2: Fly out, F7 (Flyball, 78S, EV 81.9 MPH)
|
|
Batting: LHB Keith Hughes
|
0-0: SINGLE (Groundball, 56D, EV 94.4 MPH)
|
|
Batting: SHB Terry Pendleton
|
0-0: Ball 1-0: Called Strike 1-1: Ball 2-1: Ball 3-1: Foul Ball, location: 2F 3-2: Base on Balls Keith Hughes to second
|
|
Batting: RHB Steve Kiefer
|
0-0: Swinging Strike 0-1: Foul Ball, location: 2F 0-2: Foul Ball, location: 2F 0-2: Ball 1-2: Ball 2-2: Foul Ball, location: 2F 2-2: Strikes out swinging
|
|
Batting: SHB Mark Pirruccello
|
0-0: Fielders Choice at 2nd, 6-4 (Groundball, 6, EV 78.1 MPH)
|
| Top of the 1st over - 0 runs, 1 hit, 0 errors, 2 left on base; West Palm Beach 0 - Miami 0 |
| BOTTOM OF THE 1ST |
|
Miami Whales batting - Pitching for West Palm Beach Expos : RHP Gabe Rubio
|
|
Pitching: RHP Gabe Rubio
|
|
|
Batting: SHB Ramon Alcantara
|
0-0: Ball 1-0: Ball 2-0: Ball 3-0: Base on Balls
|
|
Batting: RHB Donald Hubbard
|
0-0: Called Strike 0-1: Foul Ball, location: 2F 0-2: Strikes out swinging
|
|
Batting: RHB Tom Grant
|
0-0: Called Strike Ramon Alcantara steals 2nd base 0-1: Called Strike 0-2: Ball 1-2: Ball 2-2: Ground out 6-3 (Groundball, 6, EV 105.0 MPH)
|
|
Batting: LHB Lorenzo Bundy
|
0-0: Called Strike 0-1: Ball 1-1: Foul Ball, location: 2F 1-2: Ball 2-2: Strikes out looking
|
| Bottom of the 1st over - 0 runs, 0 hits, 0 errors, 1 left on base; West Palm Beach 0 - Miami 0 |
| TOP OF THE 2ND |
|
West Palm Beach Expos batting - Pitching for Miami Whales : LHP Xavier Pickhills
|
|
Batting: LHB Jesus Alfes
|
0-0: Fly out, F3 (Line Drive, 3, EV 71.9 MPH)
|
|
Batting: RHB Humberto Cardenas
|
0-0: Called Strike 0-1: Ball 1-1: Swinging Strike 1-2: Ball 2-2: Ball 3-2: Foul Ball, location: 2F 3-2: Ground out 6-3 (Groundball, 6, EV 101.9 MPH)
|
|
Batting: RHB Pat Adams
|
0-0: Ball 1-0: Fly out, F8 (Flyball, 8LD, EV 97.5 MPH)
|
| Top of the 2nd over - 0 runs, 0 hits, 0 errors, 0 left on base; West Palm Beach 0 - Miami 0 |
| BOTTOM OF THE 2ND |
|
Miami Whales batting - Pitching for West Palm Beach Expos : RHP Gabe Rubio
|
|
Batting: RHB Steve Benson
|
0-0: Called Strike 0-1: Ball 1-1: Reached on error, E4 (Groundball, 34, EV 98.1 MPH)
|
|
Batting: RHB Ramon Cardenas
|
0-0: Ball 1-0: Fly out, F9 (Flyball, 9, EV 85.0 MPH)
|
|
Batting: SHB Santiago Fernandez
|
0-0: Ball Steve Benson is caught stealing 2nd base 2-6 1-0: Called Strike 1-1: Called Strike 1-2: Foul Ball, location: 2F 1-2: Ball 2-2: Ground out U3 (Groundball, 3, EV 81.9 MPH)
|
| Bottom of the 2nd over - 0 runs, 0 hits, 1 error, 0 left on base; West Palm Beach 0 - Miami 0 |
| TOP OF THE 3RD |
|
West Palm Beach Expos batting - Pitching for Miami Whales : LHP Xavier Pickhills
|
|
Batting: RHB Jesse Moore
|
0-0: Ball 1-0: Ball 2-0: Ball 3-0: Called Strike 3-1: Called Strike 3-2: Base on Balls
|
|
Batting: RHB Matthew Gundelfinger
|
0-0: Called Strike 0-1: Called Strike 0-2: Foul Ball, location: 2F 0-2: Ball 1-2: Foul Ball, location: 2F 1-2: Foul Ball, location: 2F 1-2: Ball 2-2: Foul Ball, location: 2F 2-2: Strikes out swinging
|
|
Batting: LHB Keith Hughes
|
0-0: Called Strike 0-1: Ball 1-1: Ball 2-1: SINGLE (Groundball, 6M, EV 107.5 MPH) (infield hit) Jesse Moore to second
|
|
Batting: SHB Terry Pendleton
|
0-0: Called Strike Jesse Moore steals 3rd base Keith Hughes to second 0-1: SINGLE (Line Drive, 8LS, EV 87.5 MPH) Jesse Moore scores Keith Hughes to third Runner from 3rd tries for Home, SAFE, throw by CF to home
|
|
Batting: RHB Steve Kiefer
|
0-0: Ball 1-0: Ball 2-0: Called Strike 2-1: Ball 3-1: Base on Balls Terry Pendleton to second
|
|
Batting: SHB Mark Pirruccello
|
0-0: Ball 1-0: Called Strike 1-1: Swinging Strike 1-2: Foul Ball, location: 2F 1-2: Foul Ball, location: 2F 1-2: Foul Ball, location: 2F 1-2: Foul Ball, location: 2F 1-2: Foul Ball, location: 2F 1-2: Fly out, F4 (Flyball, 34D, EV 93.8 MPH)
|
|
Batting: LHB Jesus Alfes
|
0-0: Ball 1-0: Ball 2-0: SINGLE (Groundball, 4D, EV 94.4 MPH) Terry Pendleton to third Steve Kiefer to second Runner from 3rd tries for Home, SAFE, throw by RF to home Steve Kiefer to third Jesus Alfes to second
|
|
Batting: RHB Humberto Cardenas
|
0-0: Called Strike 0-1: SINGLE (Groundball, 56S, EV 98.1 MPH) Steve Kiefer scores Jesus Alfes to third Runner from 3rd tries for Home, SAFE, throw by LF to home
|
|
Batting: RHB Pat Adams
|
0-0: Swinging Strike 0-1: Foul Ball, location: 2F 0-2: Strikes out swinging
|
| Top of the 3rd over - 5 runs, 4 hits, 0 errors, 1 left on base; West Palm Beach 5 - Miami 0 |
| BOTTOM OF THE 3RD |
|
Miami Whales batting - Pitching for West Palm Beach Expos : RHP Gabe Rubio
|
|
Batting: SHB Philip Rossi
|
0-0: Called Strike 0-1: Foul Ball, location: 2F 0-2: Foul Ball, location: 2F 0-2: Ground out 6-3 (Groundball, 56, EV 89.4 MPH)
|
|
Batting: RHB Jonathan Cordova
|
0-0: Ball 1-0: Foul Ball, location: 2F 1-1: Ball 2-1: Foul Ball, location: 2F 2-2: Strikes out swinging
|
|
Batting: SHB Ramon Alcantara
|
0-0: Called Strike 0-1: Ground out 4-3 (Groundball, 4S, EV 65.6 MPH)
|
| Bottom of the 3rd over - 0 runs, 0 hits, 0 errors, 0 left on base; West Palm Beach 5 - Miami 0 |
| TOP OF THE 4TH |
|
West Palm Beach Expos batting - Pitching for Miami Whales : LHP Xavier Pickhills
|
|
Batting: RHB Jesse Moore
|
0-0: Ball 1-0: Called Strike 1-1: Foul Ball, location: 2F 1-2: Ball 2-2: Ball 3-2: Foul Ball, location: 2F 3-2: Strikes out swinging
|
|
Batting: RHB Matthew Gundelfinger
|
0-0: Called Strike 0-1: Fly out, F7 (Flyball, 7D, EV 84.4 MPH)
|
|
Batting: LHB Keith Hughes
|
0-0: Ball 1-0: Foul Ball, location: 2F 1-1: Foul Ball, location: 2F 1-2: Ball 2-2: Ball 3-2: SINGLE (Line Drive, 6MD, EV 110.0 MPH)
|
|
Batting: SHB Terry Pendleton
|
0-0: DOUBLE (Flyball, 89D, EV 91.9 MPH) Keith Hughes to third Runner from 3rd tries for Home, SAFE, throw by CF to trailing runner, SAFE at third!
|
|
Pitching: RHP Michael Befort
|
|
|
Batting: RHB Steve Kiefer
|
0-0: Swinging Strike 0-1: SINGLE (Groundball, 5S, EV 69.4 MPH) (infield hit) Terry Pendleton scores
|
|
Batting: SHB Mark Pirruccello
|
0-0: Ball 1-0: Called Strike Steve Kiefer steals 2nd base 1-1: Foul Ball, location: 2F 1-2: Ball 2-2: Strikes out swinging
|
| Top of the 4th over - 2 runs, 3 hits, 0 errors, 1 left on base; West Palm Beach 7 - Miami 0 |
| BOTTOM OF THE 4TH |
|
Miami Whales batting - Pitching for West Palm Beach Expos : RHP Gabe Rubio
|
|
Batting: RHB Donald Hubbard
|
0-0: Foul Ball, location: 2F 0-1: Fly out, F6 (Line Drive, 6, EV 71.3 MPH)
|
|
Batting: RHB Tom Grant
|
0-0: Ball 1-0: Ball 2-0: Ball 3-0: Base on Balls
|
|
Batting: LHB Lorenzo Bundy
|
0-0: Called Strike 0-1: Swinging Strike 0-2: 2-RUN HOME RUN (Line Drive, 89XD, EV 93.8 MPH), Distance : 406 ft
|
|
Batting: RHB Steve Benson
|
0-0: Foul Ball, location: 2F 0-1: Ball 1-1: Called Strike 1-2: Ball 2-2: Foul Ball, location: 2F 2-2: Ball 3-2: DOUBLE (Line Drive, 89D, EV 111.9 MPH)
|
|
Batting: RHB Ramon Cardenas
|
0-0: Ball 1-0: Ground out 5-3 (Groundball, 5, EV 76.3 MPH)
|
|
Batting: SHB Santiago Fernandez
|
0-0: SINGLE (Line Drive, 7S, EV 105.6 MPH) Steve Benson to third Runner from 3rd tries for Home, SAFE, throw by LF to home
|
|
Batting: SHB Philip Rossi
|
0-0: Foul Ball, location: 2F 0-1: DOUBLE (Flyball, 8RD, EV 91.9 MPH) Santiago Fernandez to third Runner from 3rd tries for Home, SAFE, no throw by CF
|
|
Batting: RHB Jonathan Cordova
|
0-0: Called Strike 0-1: Ball 1-1: Ground out 6-3 (Groundball, 56, EV 90.6 MPH)
|
| Bottom of the 4th over - 4 runs, 4 hits, 0 errors, 1 left on base; West Palm Beach 7 - Miami 4 |
| TOP OF THE 5TH |
|
West Palm Beach Expos batting - Pitching for Miami Whales : RHP Michael Befort
|
|
Batting: LHB Jesus Alfes
|
0-0: Swinging Strike 0-1: Ball 1-1: Swinging Strike 1-2: Fly out, F9 (Flyball, 9, EV 81.9 MPH)
|
|
Batting: RHB Humberto Cardenas
|
0-0: Ball 1-0: Foul Ball, location: 2F 1-1: Foul Ball, location: 2F 1-2: Ball 2-2: Fly out, F8 (Flyball, 89D, EV 105.0 MPH)
|
|
Batting: RHB Pat Adams
|
0-0: Ball 1-0: Called Strike 1-1: Fly out, F7 (Flyball, 7, EV 91.9 MPH)
|
| Top of the 5th over - 0 runs, 0 hits, 0 errors, 0 left on base; West Palm Beach 7 - Miami 4 |
| BOTTOM OF THE 5TH |
|
Miami Whales batting - Pitching for West Palm Beach Expos : RHP Gabe Rubio
|
|
Batting: SHB Ramon Alcantara
|
0-0: Ball 1-0: Ball 2-0: Ball 3-0: Base on Balls
|
|
Batting: RHB Donald Hubbard
|
0-0: Ball 1-0: Ball 2-0: Ball 3-0: Base on Balls Ramon Alcantara to second
|
|
Batting: RHB Tom Grant
|
0-0: Ball Wild Pitch! Ramon Alcantara to third Donald Hubbard to second 1-0: Ball 2-0: Ground out 4-3 (Groundball, 4, EV 90.0 MPH) Ramon Alcantara scores Donald Hubbard to third
|
|
Batting: LHB Lorenzo Bundy
|
0-0: Ball 1-0: Called Strike 1-1: Ball 2-1: Foul Ball, location: 2F 2-2: Strikes out swinging
|
|
Batting: RHB Steve Benson
|
0-0: Called Strike 0-1: Foul Ball, location: 2F 0-2: Ball 1-2: Ball 2-2: Fly out, F7 (Flyball, 7, EV 93.8 MPH)
|
| Bottom of the 5th over - 1 run, 0 hits, 0 errors, 1 left on base; West Palm Beach 7 - Miami 5 |
| TOP OF THE 6TH |
|
West Palm Beach Expos batting - Pitching for Miami Whales : RHP Michael Befort
|
|
Batting: RHB Jesse Moore
|
0-0: Foul Ball, location: 2F 0-1: Swinging Strike 0-2: Ball 1-2: Strikes out swinging
|
|
Batting: RHB Matthew Gundelfinger
|
0-0: Foul Ball, location: 2F 0-1: Swinging Strike 0-2: Ball 1-2: Foul Ball, location: 2F 1-2: Ball 2-2: Ball 3-2: SOLO HOME RUN (Flyball, 7D, EV 105.0 MPH), Distance : 375 ft
|
|
Batting: LHB Keith Hughes
|
0-0: Swinging Strike 0-1: Called Strike 0-2: Ball 1-2: Strikes out looking
|
|
Batting: SHB Terry Pendleton
|
0-0: SINGLE (Line Drive, 8RS, EV 95.6 MPH)
|
|
Batting: RHB Steve Kiefer
|
0-0: Foul Ball, location: 2F 0-1: Ball 1-1: Ball 2-1: Fly out, F4 (Popup, 4, EV 65.0 MPH)
|
| Top of the 6th over - 1 run, 2 hits, 0 errors, 1 left on base; West Palm Beach 8 - Miami 5 |
| BOTTOM OF THE 6TH |
|
Miami Whales batting - Pitching for West Palm Beach Expos : RHP Gabe Rubio
|
|
Batting: RHB Ramon Cardenas
|
0-0: Called Strike 0-1: Reached on error, E5 (Groundball, 5, EV 81.3 MPH)
|
|
Batting: SHB Santiago Fernandez
|
0-0: Ball 1-0: Sac Bunt to 5S - play at first, batter OUT! 5-4 Ramon Cardenas to second
|
|
Batting: SHB Philip Rossi
|
0-0: Ball 1-0: Called Strike 1-1: Foul Ball, location: 2F 1-2: Reached on error, E1 (Groundball, 13S, EV 75.0 MPH) Ramon Cardenas to third
|
|
Batting: RHB Jonathan Cordova
|
0-0: Ball 1-0: Called Strike 1-1: Called Strike 1-2: Ball 2-2: Fielders Choice at 2nd, 5-4 (Groundball, 5, EV 85.6 MPH) Ramon Cardenas scores
|
|
Batting: SHB Ramon Alcantara
|
0-0: Ball 1-0: Called Strike 1-1: Foul Ball, location: 2F 1-2: Fly out, F9 (Flyball, 9LS, EV 80.6 MPH)
|
| Bottom of the 6th over - 1 run, 0 hits, 2 errors, 1 left on base; West Palm Beach 8 - Miami 6 |
| TOP OF THE 7TH |
|
West Palm Beach Expos batting - Pitching for Miami Whales : RHP Michael Befort
|
|
Batting: SHB Mark Pirruccello
|
0-0: Ball 1-0: Foul Ball, location: 2F 1-1: Ball 2-1: Swinging Strike 2-2: Foul Ball, location: 2F 2-2: Ball 3-2: Foul Ball, location: 2F 3-2: Base on Balls
|
|
Pitching: LHP Wilfredo Flores
|
|
|
Batting: LHB Jesus Alfes
|
0-0: Sac Bunt to 23 - play at first, batter OUT! 3-4 Mark Pirruccello to second
|
|
Batting: RHB Humberto Cardenas
|
0-0: Swinging Strike 0-1: Ball 1-1: Called Strike 1-2: Foul Ball, location: 2F 1-2: Foul Ball, location: 2F 1-2: Strikes out looking
|
|
Batting: RHB Pat Adams
|
0-0: Ball 1-0: Ball 2-0: Ball Wild Pitch! Mark Pirruccello to third 3-0: Base on Balls
|
|
Batting: RHB Jesse Moore
|
0-0: Swinging Strike 0-1: Ball 1-1: Ground out 4-3 (Groundball, 4, EV 86.9 MPH)
|
| Top of the 7th over - 0 runs, 0 hits, 0 errors, 2 left on base; West Palm Beach 8 - Miami 6 |
| BOTTOM OF THE 7TH |
|
Miami Whales batting - Pitching for West Palm Beach Expos : RHP Gabe Rubio
|
|
Batting: RHB Donald Hubbard
|
0-0: Swinging Strike 0-1: Ball 1-1: Swinging Strike 1-2: Ball 2-2: Foul Ball, location: 2F 2-2: Ball 3-2: Base on Balls
|
|
Batting: RHB Tom Grant
|
0-0: Fielders Choice at 2nd, 6-4 (Groundball, 6, EV 76.9 MPH)
|
|
Batting: LHB Lorenzo Bundy
|
0-0: Ball Tom Grant steals 2nd base 1-0: Ball 2-0: Ball 3-0: Base on Balls
|
|
Batting: RHB Steve Benson
|
0-0: Ball 1-0: 3-RUN HOME RUN (Flyball, 9LD, EV 96.3 MPH), Distance : 342 ft
|
|
Pitching: RHP Larry Freeburg
|
|
|
Batting: RHB Ramon Cardenas
|
0-0: Ball 1-0: Ball 2-0: SOLO HOME RUN (Flyball, 7LD, EV 101.9 MPH), Distance : 363 ft
|
|
Batting: SHB Santiago Fernandez
|
0-0: Ball 1-0: Ball 2-0: Called Strike 2-1: Fly out, F9 (Flyball, 9LM, EV 88.8 MPH)
|
|
Batting: SHB Philip Rossi
|
0-0: Swinging Strike 0-1: Ball 1-1: Ball 2-1: Fly out, F3 (Popup, 34, EV 61.3 MPH)
|
| Bottom of the 7th over - 4 runs, 2 hits, 0 errors, 0 left on base; West Palm Beach 8 - Miami 10 |
| TOP OF THE 8TH |
|
West Palm Beach Expos batting - Pitching for Miami Whales : LHP Wilfredo Flores
|
|
Batting: RHB Matthew Gundelfinger
|
0-0: Ball 1-0: Swinging Strike 1-1: Foul Ball, location: 2F 1-2: Strikes out swinging
|
|
Batting: LHB Keith Hughes
|
0-0: Ball 1-0: Fly out, F9 (Line Drive, 9, EV 103.1 MPH)
|
|
Batting: SHB Terry Pendleton
|
0-0: SINGLE (Line Drive, 7LS, EV 107.5 MPH)
|
|
Batting: RHB Steve Kiefer
|
0-0: Called Strike 0-1: Foul Ball, location: 2F 0-2: Ball 1-2: Strikes out swinging
|
| Top of the 8th over - 0 runs, 1 hit, 0 errors, 1 left on base; West Palm Beach 8 - Miami 10 |
| BOTTOM OF THE 8TH |
|
Miami Whales batting - Pitching for West Palm Beach Expos : RHP Larry Freeburg
|
|
Batting: RHB Jonathan Cordova
|
0-0: Called Strike 0-1: Called Strike 0-2: Ball 1-2: Ball 2-2: Strikes out swinging
|
|
Batting: SHB Ramon Alcantara
|
0-0: Ball 1-0: Called Strike 1-1: Foul Ball, location: 2F 1-2: Ground out U3 (Groundball, 3, EV 85.0 MPH)
|
|
Batting: RHB Donald Hubbard
|
0-0: Fly out, F6 (Flyball, 56D, EV 88.8 MPH)
|
| Bottom of the 8th over - 0 runs, 0 hits, 0 errors, 0 left on base; West Palm Beach 8 - Miami 10 |
| TOP OF THE 9TH |
|
West Palm Beach Expos batting - Pitching for Miami Whales : LHP Wilfredo Flores
|
|
Batting: SHB Mark Pirruccello
|
0-0: Ball 1-0: Ball 2-0: Ball 3-0: Called Strike 3-1: Foul Ball, location: 2F 3-2: Fly out, F8 (Flyball, 8RS, EV 88.8 MPH)
|
|
Batting: LHB Jesus Alfes
|
0-0: Called Strike 0-1: Called Strike 0-2: Fly out, F4 (Popup, 4D, EV 70.6 MPH)
|
|
Batting: RHB Humberto Cardenas
|
0-0: Ball 1-0: Called Strike 1-1: Ball 2-1: Ball 3-1: Base on Balls
|
|
Batting: RHB Pat Adams
|
0-0: Swinging Strike 0-1: Ball 1-1: Called Strike 1-2: Fly out, F8 (Flyball, 89XD, EV 102.5 MPH)
|
| Top of the 9th over - 0 runs, 0 hits, 0 errors, 1 left on base; West Palm Beach 8 - Miami 10 |
|